 Dungeon Crawl Stone Soup version 0.20-a0 (webtiles) character file.

50660 esc the Grappler (level 14, -6/77 HPs)
             Began as a Vine Stalker Fighter on Oct 27, 2016.
             Was a Believer of Uskayaw.
             Killed by divine providence
             ... invoked by an orc priest
              (14 damage)
             ... on level 2 of the Orcish Mines.
             The game lasted 00:53:51 (15128 turns).

esc the Grappler (Vine Stalker Fighter)            Turns: 15128, Time: 00:53:52

Health: -6/77      AC: 22    Str: 20    XL:     14   Next: 56%
Magic:  0/24       EV: 14    Int:  8    God:    Uskayaw [**....]
Gold:   1025       SH: 15    Dex: 18    Spells: 0 memorised, 25 levels left

rFire  + . .     SeeInvis .       - Unarmed
rCold  + . .     Gourm    .     p - +2 ring mail {rF+}
rNeg   . . .     Faith    +     T - +2 shield {AC+3}
rPois  +         Spirit   +     D - +2 helmet
rElec  +         Reflect  .     (no cloak)
rCorr  .         Harm     .     o - +3 pair of gauntlets of War {Slay+5}
MR     +....                    V - +1 pair of boots of Rationality {rElec}
Stlth  +.........               y - amulet of faith {Faith, !P}
                                e - ring of protection from cold {rC+, !d}
                                L - ring of poison resistance {rPois, !d}

@: about to teleport
A: fangs 3, regeneration 2, magic shield, antimagic bite, no device heal 3, rot
immunity
a: Stomp, Line Pass, Renounce Religion


You were on level 2 of the Orcish Mines.
You worshipped Uskayaw.
Uskayaw was aware of your devotion.
You were not hungry.

You visited 3 branches of the dungeon, and saw 18 of its levels.

You collected 1938 gold pieces.
You spent 913 gold pieces at shops.

Inventory:

Missiles
 H - 271 stones (quivered)
 O - a throwing net {=f, !d}
Armour
 o - the +3 pair of gauntlets of War (worn) {Slay+5}
   (You acquired it on level 8 of the Dungeon)

   It affects your accuracy and damage with ranged weapons and melee attacks
   (+5).
 p - a +2 ring mail of fire resistance (worn)
   (You took it off Terence on level 2 of the Dungeon)
 D - a +2 helmet (worn)
   (You took it off Robin on level 2 of the Dungeon)
 T - a +2 shield of protection (worn)
   (You bought it in a shop on level 10 of the Dungeon)
 V - the +1 pair of boots of Rationality (worn) {rElec}
   (You found it on level 4 of the Lair of Beasts)

   It insulates you from electricity.
Jewellery
 e - a ring of protection from cold (right hand) {rC+, !d}
   (You found it on level 6 of the Dungeon)
 y - an amulet of faith (around neck) {Faith, !P}
   (You found it on level 2 of the Dungeon)
 L - a ring of poison resistance (left hand) {rPois, !d}
   (You found it on level 1 of the Lair of Beasts)
 W - an uncursed amulet of harm {unknown}
   (You found it on level 6 of the Lair of Beasts)
Wands
 k - a wand of heal wounds (8/9)
   (You found it on level 8 of the Dungeon)
 w - a wand of disintegration (21/24)
   (You found it on level 8 of the Dungeon)
 B - a wand of iceblast (11/15)
   (You found it on level 3 of the Lair of Beasts)
 I - a wand of polymorph (0/24)
   (You found it on level 8 of the Dungeon)
 P - a wand of teleportation (3/9)
   (You found it on level 2 of the Lair of Beasts)
 Q - a wand of hasting (5/9)
   (You found it on level 5 of the Lair of Beasts)
 R - a wand of iceblast (7/15)
   (You found it on level 2 of the Lair of Beasts)
Scrolls
 c - 3 scrolls of magic mapping {!r}
 h - a scroll of enchant armour
 q - a scroll of enchant weapon
 s - 3 scrolls of amnesia
 u - 10 scrolls of remove curse
 z - 4 scrolls of recharging
 C - 2 scrolls of fog
 M - a scroll of fear
Potions
 a - a potion of resistance
 f - 6 potions of curing
 g - a potion of berserk rage {!q}
 j - 2 potions of agility {unknown}
 t - a potion of cure mutation {!q}
 E - 3 potions of flight
 F - a potion of magic
 N - a potion of cancellation
Books
 i - a book of Debilitation
   (You found it on level 6 of the Lair of Beasts)
 v - a book of Power
   (You found it on level 5 of the Lair of Beasts)
Miscellaneous
 r - a lamp of fire
   (You found it on level 1 of the Lair of Beasts)
Comestibles
 b - 21 chunks of flesh {@w0}
 d - 10 bread rations {@e1}
 l - 3 royal jellies
 n - 3 meat rations {@e2}
 x - 10 slices of pizza
 A - 26 fruits


   Skills:
 + Level 10.6 Fighting
 + Level 9.5 Armour
 + Level 5.3 Dodging
 + Level 10.7 Shields
 + Level 11.2 Unarmed Combat
 - Level 6.2 Spellcasting
 + Level 8.6 Invocations


You had 25 spell levels left.
You didn't know any spells.

Dungeon Overview and Level Annotations

Branches:
Dungeon (10/15)            Temple (0/1) D:7            Lair (6/6) D:10
  Swamp (0/4) Lair:3        Snake (0/4) Lair:4        Slime (0/5) Lair:6
    Orc (2/2) D:10
    Elf: Orc:2

Altars:
Cheibriados
Dithmenos
Fedhas
Nemelex Xobeh
Ru
Uskayaw
Vehumet
Zin
Beogh

Shops:
D:10 [

Portals:
Trove: D:10 (give 4 scrolls of blinking)

Annotations:
D:8 namnharef's ghost, novice HOFi


Innate Abilities, Weirdness & Mutations

You have razor-sharp teeth.
You heal very quickly.
When hurt, damage is shared between your health and your magic reserves.
Your bite disrupts and absorbs the magic of your enemies.
Potions and wands cannot restore your health.
You are immune to rotting.


Message History

You butcher the orc corpse.
b - 20 chunks of flesh {@w0} (gained 3)
You see here a dagger.
You regained 2 hp, and now have 72/77 hp.
Things that are here:
a dagger; a runed robe; an orc corpse You butcher the orc corpse.
b - 21 chunks of flesh {@w0} (gained 1)
Things that are here:
a dagger; a runed robe You regained 2 hp, and now have 75/77 hp.
You now have 931 gold pieces (gained 15).
You now have 949 gold pieces (gained 18).
You see here a spear.
You now have 980 gold pieces (gained 31).
You now have 1004 gold pieces (gained 24).
You now have 1025 gold pieces (gained 21).
You fall through a shaft!
The shaft crumbles and collapses. 14 orcs, a red devil, a ynoxinul and 2 ice devils come into view.
The red devil is wielding a demon trident of electrocution.
An orc high priest is wielding a long sword of slicing.
The orc knight shouts!
The orc high priest shouts! x2; The orc warrior shouts! x4
The ynoxinul bellows!
The orc warrior shouts!
The orc priest shouts! x3
The orc warrior shouts!
You hear a shout! x3
The orc high priest utters an invocation to Beogh.
The orc warrior hits you but does no damage.
The orc priest moves out of view.
You block the orc warrior's attack.
The orc high priest invokes the aid of Beogh against you.
Beogh smites you!
An orc warrior and an orc priest come into view.
You take 4 damage, and have 71/77 hp.
You regained 3 mp, and now have 23/24 mp.
Okay, then.
As you read the scroll of teleportation, it crumbles to dust.
You feel strangely unstable.
The orc knight roars a battlecry!
The orcs go into a battle-frenzy!
The orc warrior hits you with a dire flail!
The orc warrior hits you with a flail!!
The orc high priest hits you but does no damage.
The orc warrior hits you with a scimitar!!
You hear a shout!
You take 41 damage, and have 30/77 hp.
MASSIVE DAMAGE!!
You now have 8/24 mp.
Okay, then.
Okay, then.
You punch the orc high priest! Your bite misses the orc high priest.
The ice devil hits you. The ice devil freezes you! You resist.
* * * LOW HITPOINT WARNING * * *
The orc warrior hits you but does no damage.
You block the orc high priest's attack.
The orc priest calls down the wrath of Beogh upon you.
Beogh smites you!
* * * LOW HITPOINT WARNING * * *
You block the orc high priest's attack. The orc warrior barely misses you.
An orc high priest comes into view. It is wielding a halberd.
The orc high priest shouts!
You hear a shout! x3
An orc warrior comes into view. It is wielding a long sword.
You take 21 damage, and have 9/77 hp.
MASSIVE DAMAGE!!
You now have 2/24 mp.
Okay, then.
Unknown command.
Unknown command.
As you read the scroll labeled PEBETHR QENTIA, it crumbles to dust.
You speak a Word of immense power!
The ice devil convulses! x2
The red devil convulses!
You kill the red devil!
The ynoxinul convulses!
It was a scroll of holy word.
The orc warrior shouts!
You block the orc warrior's attack. You block the ice devil's attack.
The orc high priest prays to Beogh.
You block the orc warrior's attack.
The orc knight roars a battlecry!
The orcs go into a battle-frenzy!
You block the orc high priest's attack.
The orc high priest hits you but does no damage.
An orc priest comes into view. It is wielding a short sword.
The orc priest shouts!
You can now pass through a line of other dancers.
An orc warrior and an orc sorcerer come into view.
Unknown command.
Unknown command.
As you read the scroll labeled YHYUR ARUFF, it crumbles to dust.
Your body is wracked with pain!
* * * LOW HITPOINT WARNING * * *
The orc warrior convulses! x3; The orc knight convulses!
The orc warrior convulses!
The orc high priest convulses! x2
The orc priest convulses!
The orc warrior convulses!
The orc priest convulses! x2
The orc warrior convulses! x2; The orc priest convulses! x2
The orc high priest convulses!
The orc knight convulses!
The orc sorcerer convulses!
The orc warrior convulses!
The orc high priest convulses!
The orc warrior convulses!
It was a scroll of torment.
The orc warrior closely misses you. You block the orc warrior's attack.
The ice devil is lost in a daze.
The orc knight hits you but does no damage.
The orc priest calls down the wrath of Beogh upon you.
Beogh smites you!
You die...

...####..
....## .
.....# ..#.##
.#### ## ##
##.## #
##o..##
#ooo..# #@oo#
#.44oo3.).#
## ##
#...#o#o#...#
.##.##
#..o##o..#


o.o .$...# #..o# oo# o . ....## ..o# o## .o .....# #.# # .4 ....## .# #.3
.....## You could see 2 orc knights, 4 orc high priests, a sun demon, 2 ice
devils, a rust devil, a ynoxinul (dazed), an orc sorcerer, 9 orc warriors and 5
orc priests.

Vanquished Creatures
  A fire dragon (Lair:6)
  An ice dragon (Lair:1)
  3 hydras
  5 death yaks
  A hell hog (D:9)
  Urug (Orc:1)
  A deep troll (Lair:5)
  An unseen horror (D:10)
  A lindwurm (Lair:6)
  An orc knight (Orc:1)
  Pikel (D:5)
  An orc sorcerer (Orc:1)
  A wolf spider (Lair:6)
  A salamander (shapeshifter) (Lair:4)
  7 black mambas
  A guardian serpent (Lair:6)
  16 elephants (Lair:5)
  2 rime drakes (Lair:1)
  A centaur skeleton (D:10)
  11 spiny frogs
  8 komodo dragons
  A red devil (Orc:2)
  2 trolls (Orc:1)
  5 hornets (Lair:6)
  3 polar bears
  6 hippogriffs
  20 blink frogs
  11 wyverns (Lair:6)
  A redback (Lair:6)
  24 yaks
  5 basilisks
  A human (D:8)
  2 hungry ghosts (D:10)
  A steam dragon (Lair:6)
  Menkaure (D:5)
  2 wargs
  4 nagas (Lair:4)
  4 mottled dragons (Lair:6)
  12 water moccasins
  6 porcupines
  A black bear (D:8)
  8 orc warriors
  2 swamp drakes (Lair:6)
  15 ice beasts
  A sky beast (D:8)
  A necrophage (D:6)
  A phantom (D:9)
  9 wolves
  3 centaurs
  9 ogres
  18 crocodiles
  A big kobold (D:8)
  11 bullfrogs
  A scorpion (D:8)
  14 wights
  A centaur zombie (D:7)
  4 howler monkeys
  4 crimson imps
  11 orc priests
  A hound (D:5)
  3 jellies
  2 gnoll shamans
  2 iguanas
  A bullfrog skeleton (D:10)
  5 orc wizards
  Natasha (D:2)
  Terence (D:2)
  14 worker ants
  A killer bee zombie (D:7)
  A hound zombie (D:10)
  A hound skeleton (D:6)
  Robin (D:2)
  15 gnolls
  14 adders
  2 river rats (Lair:6)
  3 shadow imps
  2 oozes
  2 adder skeletons
  7 worms
  A dart slug (D:1)
  4 leopard geckos
  41 orcs
  8 bats
  10 giant cockroaches
  16 goblins
  11 hobgoblins
  9 jackals
  13 kobolds
  2 quokkas
  A ball python (D:6)
  A ball python skeleton (D:5)
  4 frilled lizards
  A jackal skeleton (D:4)
  A leopard gecko skeleton (D:6)
  A leopard gecko zombie (D:5)
  3 quokka skeletons
  A quokka zombie (D:7)
  6 rats
  A plant (D:10)
506 creatures vanquished.

Vanquished Creatures (others)
  Natasha (D:2)
  An iguana (Lair:6)
  A gnoll (D:8)
  An orc (D:5)
  A frilled lizard (D:5)
  14 fungi
  12 plants (Lair:6)
31 creatures vanquished.

Grand Total: 537 creatures vanquished

Notes
Turn   | Place    | Note
-------+----------+-------------------------------------------
     0 | D:1      | esc the Vine Stalker Fighter began the quest for the Orb.
     0 | D:1      | Reached XP level 1. HP: 11/11 MP: 2/2
    54 | D:1      | Reached XP level 2. HP: 9/16 MP: 3/3
   332 | D:1      | Reached skill level 3 in Fighting
   386 | D:1      | Reached XP level 3. HP: 12/20 MP: 4/4
   583 | D:1      | Reached skill level 3 in Shields
   623 | D:2      | Noticed Robin
   636 | D:2      | Killed Robin
   857 | D:2      | Gained mutation: Your natural rate of healing is unusually fast. [Vine Stalker growth]
   857 | D:2      | Reached XP level 4. HP: 23/24 MP: 5/5
   880 | D:2      | Noticed Terence
   886 | D:2      | Killed Terence
  1015 | D:2      | Noticed Natasha
  1027 | D:2      | Killed Natasha
  1237 | D:2      | Noticed Natasha
  1247 | D:2      | Killed Natasha
  1247 | D:2      | Reached skill level 3 in Armour
  1247 | D:2      | Reached skill level 3 in Unarmed Combat
  1247 | D:2      | Reached XP level 5. HP: 26/28 MP: 6/6
  1463 | D:3      | Reached XP level 6. HP: 19/33 MP: 4/7
  1531 | D:3      | Reached skill level 4 in Shields
  2568 | D:4      | Found a shadowy altar of Dithmenos.
  2569 | D:4      | Found a snail-covered altar of Cheibriados.
  2607 | D:4      | Reached skill level 4 in Fighting
  2622 | D:4      | Found a glowing silver altar of Zin.
  2623 | D:4      | Found a sparkling altar of Nemelex Xobeh.
  2642 | D:4      | Found a sacrificial altar of Ru.
  3098 | D:4      | Reached XP level 7. HP: 31/37 MP: 8/8
  3195 | D:4      | Reached skill level 4 in Unarmed Combat
  3794 | D:5      | Entered Level 5 of the Dungeon
  3812 | D:5      | Found a blossoming altar of Fedhas.
  3814 | D:5      | Noticed Pikel
  3861 | D:5      | Killed Pikel
  3861 | D:5      | Reached skill level 4 in Armour
  3861 | D:5      | Reached skill level 5 in Shields
  3861 | D:5      | Gained mutation: You have razor-sharp teeth. [Vine Stalker growth]
  3861 | D:5      | Reached XP level 8. HP: 35/42 MP: 9/9
  3905 | D:5      | Reached skill level 5 in Fighting
  3905 | D:5      | Reached skill level 5 in Unarmed Combat
  3914 | D:5      | Noticed Menkaure
  3924 | D:5      | Killed Menkaure
  3928 | D:5      | Found a hide-covered altar of Uskayaw.
  3936 | D:5      | Became a worshipper of Uskayaw the Reveler
  3951 | D:5      | Reached * piety under Uskayaw
  3994 | D:5      | Reached ** piety under Uskayaw
  4433 | D:6      | Noticed a hippogriff
  4445 | D:6      | Reached *** piety under Uskayaw
  4446 | D:6      | Killed a hippogriff
  4606 | D:6      | Reached skill level 5 in Armour
  4609 | D:6      | Reached **** piety under Uskayaw
  4632 | D:6      | Reached XP level 9. HP: 46/48 MP: 8/10
  4839 | D:6      | Reached skill level 6 in Unarmed Combat
  4843 | D:6      | Reached skill level 6 in Shields
  5175 | D:7      | Reached skill level 6 in Fighting
  5362 | D:7      | Found a staircase to the Ecumenical Temple.
  5969 | D:8      | Identified a scroll of acquirement
  6160 | D:8      | Noticed namnharef's ghost (novice HOFi)
  6277 | D:8      | Reached skill level 7 in Unarmed Combat
  6437 | D:8      | HP: 8/49 [namnharef's ghost (9)]
  6437 | D:8      | HP: 1/49 [namnharef's ghost (7)]
  6637 | D:8      | Reached skill level 6 in Armour
  6637 | D:8      | Reached skill level 7 in Shields
  6637 | D:8      | Reached XP level 10. HP: 42/53 MP: 11/11
  6725 | D:8      | Reached skill level 7 in Fighting
  6934 | D:9      | Noticed a hill giant
  6942 | D:9      | Noticed a hell hog
  6942 | D:9      | a hill giant changed into a hell hog
  6946 | D:9      | Killed a hell hog
  6946 | D:9      | Reached skill level 1 in Spellcasting
  7043 | D:9      | Reached skill level 2 in Spellcasting
  7605 | D:9      | Reached skill level 1 in Invocations
  7668 | D:10     | Entered Level 10 of the Dungeon
  7707 | D:10     | HP: 13/55 [something (5)]
  7826 | D:10     | Found a portal to a secret trove of treasure.
  8025 | D:10     | Found a staircase to the Lair.
  8050 | Lair:1   | Entered Level 1 of the Lair of Beasts
  8084 | Lair:1   | Reached skill level 3 in Spellcasting
  8084 | Lair:1   | Reached skill level 2 in Invocations
  8125 | Lair:1   | Reached skill level 8 in Unarmed Combat
  8208 | Lair:1   | Reached ***** piety under Uskayaw
  8225 | Lair:1   | Reached XP level 11. HP: 49/59 MP: 17/17
  8230 | Lair:1   | Reached skill level 3 in Invocations
  8301 | Lair:1   | Reached skill level 8 in Shields
  8355 | Lair:1   | Reached skill level 4 in Spellcasting
  8388 | Lair:1   | Reached ****** piety under Uskayaw
  8461 | Lair:1   | Reached skill level 7 in Armour
  8475 | Lair:1   | Noticed an ice dragon
  8514 | Lair:1   | Killed an ice dragon
  8514 | Lair:1   | Reached skill level 8 in Fighting
  8514 | Lair:1   | Reached skill level 4 in Invocations
  9059 | Lair:2   | Reached skill level 5 in Spellcasting
  9835 | Lair:3   | Noticed an eight-headed hydra
  9851 | Lair:3   | Killed an eight-headed hydra
  9851 | Lair:3   | Reached skill level 9 in Unarmed Combat
  9887 | Lair:3   | Gained mutation: You heal very quickly. [Vine Stalker growth]
  9887 | Lair:3   | Reached XP level 12. HP: 39/65 MP: 21/21
  9893 | Lair:3   | Reached skill level 5 in Invocations
 10141 | Lair:3   | Found a staircase to the Swamp.
 10648 | Lair:4   | Noticed an eight-headed hydra
 10733 | Lair:4   | Reached skill level 6 in Spellcasting
 10767 | Lair:4   | Reached skill level 9 in Shields
 10914 | Lair:4   | Killed an eight-headed hydra
 10914 | Lair:4   | Reached skill level 9 in Fighting
 10982 | Lair:4   | Got a pair of jewelled boots
 10988 | Lair:4   | Identified the +1 pair of boots of Rationality {rElec} (You found it on level 4 of the Lair of Beasts)
 11034 | Lair:4   | Noticed an eight-headed hydra
 11073 | Lair:3   | Reached skill level 8 in Armour
 11105 | Lair:4   | Noticed Snorg
 11110 | Lair:4   | Noticed Snorg
 11110 | Lair:4   | Snorg changed into Snorg the shapeshifter
 11111 | Lair:4   | Noticed Snorg
 11111 | Lair:4   | Snorg the shapeshifter changed into Snorg the salamander
 11116 | Lair:4   | Killed Snorg the salamander
 11172 | Lair:4   | Found a staircase to the Snake Pit.
 11234 | Lair:4   | Killed an eight-headed hydra
 11234 | Lair:4   | Reached skill level 1 in Dodging
 11234 | Lair:4   | Reached skill level 6 in Invocations
 11474 | Lair:5   | Noticed Nessos
 11475 | Lair:5   | Noticed Nessos
 11475 | Lair:5   | Nessos changed into Nessos the deep troll
 11495 | Lair:5   | Killed Nessos the deep troll
 11510 | Lair:5   | Reached skill level 2 in Dodging
 11595 | Lair:5   | Reached XP level 13. HP: 67/70 MP: 16/23
 11662 | Lair:5   | Reached skill level 10 in Unarmed Combat
 11768 | Lair:5   | Found a radiant altar of Vehumet.
 11841 | Lair:5   | Reached skill level 7 in Invocations
 11890 | Lair:5   | Reached skill level 3 in Dodging
 12223 | Lair:6   | Entered Level 6 of the Lair of Beasts
 12361 | Lair:6   | Reached skill level 10 in Shields
 12364 | Lair:6   | Reached skill level 9 in Armour
 12500 | Lair:6   | Reached skill level 10 in Fighting
 12752 | Lair:6   | Reached skill level 4 in Dodging
 12845 | Lair:6   | Found a staircase to the Slime Pits.
 12891 | Lair:6   | Reached XP level 14. HP: 77/77 MP: 24/24
 13137 | Lair:5   | Reached skill level 8 in Invocations
 13653 | Lair:6   | Reached skill level 11 in Unarmed Combat
 14115 | D:10     | Found a staircase to the Orcish Mines.
 14124 | D:10     | Found a roughly hewn altar of Beogh.
 14150 | D:10     | Reached skill level 5 in Dodging
 14312 | D:10     | Found Gab Itun's Antique Armour Shop.
 14319 | D:10     | Bought a spiked cloak for 294 gold pieces
 14319 | D:10     | Bought a distressingly furry buckler for 294 gold pieces
 14329 | D:10     | Identified the cursed -2 cloak of the Illusory Suns {rN+ MR+ Int+3} (You bought it in a shop on level 10 of the Dungeon)
 14339 | D:10     | Identified the cursed -1 buckler "Taniet" {Stlth+} (You bought it in a shop on level 10 of the Dungeon)
 14364 | D:10     | Bought a glowing shield for 325 gold pieces
 14628 | Orc:1    | Entered Level 1 of the Orcish Mines
 14632 | Orc:1    | Noticed Urug
 14678 | Orc:1    | Killed Urug
 14845 | Orc:2    | Entered Level 2 of the Orcish Mines
 15124 | Orc:1    | You fall through a shaft!
 15126 | Orc:2    | HP: 9/77 [orc priest/divine providence (12)]
 15128 | Orc:2    | Killed from afar by an orc priest

Vault maps used:
D:1:      grunt_arrival_lava_bath, minmay_bisected
D:2:      uniq_robin, uniq_terence, uniq_natasha
D:3:      kennysheep_doodads
D:4:      lemuel_upstairs_altar, grunt_temple_overflow_open
D:5:      eat_drink_and_be_merry_uskayaw, fedhas_altar_1, first_bread,
          minmay_strange_pillars, uniq_pikel, uniq_menkaure
D:8:      grunt_pizzeria
D:10:     due_lair_maze_entry_diamond, minmay_orc_entry_temple_small,
          serial_shops, nicolae_shop_crystal, nicolae_trove_entry_diagonal,
          nrook_mini_backslash
Lair:1:   st_stairs_3, minmay_guarded_unrand_chilly_death
Lair:2:   beast_lair_carwin_2, lemuel_fruit_tree, grunt_megastairs_1
Lair:3:   swamp_mist, grunt_megastairs_2
Lair:4:   minmay_snake_entry_guardpost_small, uniq_snorg
Lair:5:   beast_lair_carwin_large_4, basic_altar, uniq_nessos
Lair:6:   hangedman_lair_tendril_chambers, guppyfry_lair_end_dragon,
          dpeg_slime_entry_corner
Orc:1:    uniq_urug
Orc:2:    pf_orc_diabolical, lemuel_statue_altar

Skill      XL: |  1  2  3  4  5  6  7  8  9 10 11 12 13 14 |
---------------+-------------------------------------------+-----
Fighting       | 3 4 5 6 7 8 9 10 | 10.6
Shields        | 3 4 5 7 8 9 10 | 10.7
Armour         | 3 4 5 6 7 8 9 |  9.5
Unarmed Combat | 3 4 5 7 8 9 10 11 | 11.2
Spellcasting   | 3 5 6 |  6.2
Invocations    | 2 4 6 7 8 |  8.6
Dodging        | 2 4 5 |  5.3

Action                   |  1- 3 |  4- 6 |  7- 9 | 10-12 | 13-15 || total
-------------------------+-------+-------+-------+-------+-------++-------
Melee: Unarmed           |   107 |   199 |   447 |   513 |   528 ||  1794
       Bite              |    33 |    60 |   155 |   229 |   247 ||   724
Invok: Line Pass         |       |       |     6 |     3 |       ||     9
       Stomp             |       |       |     3 |     7 |     3 ||    13
Evoke: Wand              |       |       |     2 |    19 |       ||    21
       Lamp of fire      |       |       |       |     1 |       ||     1
  Use: Scroll            |     6 |     3 |     9 |     6 |     9 ||    33
       Potion            |     1 |     2 |     1 |     3 |       ||     7
 Stab: Sleeping          |       |     1 |       |     2 |       ||     3
       Distracted        |       |       |     1 |       |       ||     1
       Paralysed         |       |       |    14 |    43 |    68 ||   125
       Confused          |       |       |     3 |     1 |       ||     4
  Eat: Chunk             |       |     7 |    11 |    15 |    11 ||    44
       Beef jerky        |       |       |     1 |     3 |       ||     4
       Pizza             |       |       |     1 |     1 |       ||     2
       Royal jelly       |       |       |       |       |     1 ||     1
Armor: Scale mail        |    31 |       |       |       |       ||    31
       Ring mail         |       |    51 |   171 |   195 |   203 ||   620
       Skin              |       |       |    38 |       |       ||    38
       Ice dragon scales |       |       |       |     1 |       ||     1
Dodge: Dodged            |    21 |    32 |   123 |   137 |   223 ||   536
Block: Shield            |    47 |    70 |   221 |   241 |   265 ||   844
       Buckler           |       |       |       |       |     2 ||     2

Vault maps used:
D:1:      grunt_arrival_lava_bath, minmay_bisected
D:2:      uniq_robin, uniq_terence, uniq_natasha
D:3:      kennysheep_doodads
D:4:      lemuel_upstairs_altar, grunt_temple_overflow_open
D:5:      eat_drink_and_be_merry_uskayaw, fedhas_altar_1, first_bread,
          minmay_strange_pillars, uniq_pikel, uniq_menkaure
D:8:      grunt_pizzeria
D:10:     due_lair_maze_entry_diamond, minmay_orc_entry_temple_small,
          serial_shops, nicolae_shop_crystal, nicolae_trove_entry_diagonal,
          nrook_mini_backslash
Lair:1:   st_stairs_3, minmay_guarded_unrand_chilly_death
Lair:2:   beast_lair_carwin_2, lemuel_fruit_tree, grunt_megastairs_1
Lair:3:   swamp_mist, grunt_megastairs_2
Lair:4:   minmay_snake_entry_guardpost_small, uniq_snorg
Lair:5:   beast_lair_carwin_large_4, basic_altar, uniq_nessos
Lair:6:   hangedman_lair_tendril_chambers, guppyfry_lair_end_dragon,
          dpeg_slime_entry_corner
Orc:1:    uniq_urug
Orc:2:    pf_orc_diabolical, lemuel_statue_altar

Table legend:
 A = Turns spent in this place as a percentage of turns spent in the entire game.
 B = Non-inter-level travel turns spent in this place as a percentage of non-inter-level travel turns spent in the entire game.
 C = Inter-level travel turns spent in this place as a percentage of turns spent in this place.
 D = Turns resting spent in this place as a percentage of non-inter-level travel turns spent in this place.
 E = Turns spent auto-exploring this place as a percentage of non-inter-level travel turns spent in this place.
 F = Non-inter-level travel turns spent in this place divided by the number of levels of this place that you've seen.
                   A       B       C       D       E      F
               +-------+-------+-------+-------+-------+----------------------
         Total | 100.0 | 100.0 |   0.8 |   0.2 |   8.9 | 252.0
       Dungeon |  55.4 |  55.4 |   0.7 |   0.2 |   9.8 | 251.5
          Lair |  41.0 |  40.9 |   0.9 |   0.2 |   7.9 | 309.3
  Orcish Mines |   3.7 |   3.6 |   1.2 |   0.0 |   6.7 |  82.5
               +-------+-------+-------+-------+-------+----------------------

Table legend:
 A = Kills in this place as a percentage of kills in entire the game.
 B = Kills by you in this place as a percentage of kills by you in the entire game.
 C = Kills by friends in this place as a percentage of kills by friends in the entire game.
 D = Other kills in this place as a percentage of other kills in the entire game.
 E = Experience gained in this place as a percentage of experience gained in the entire game.
 F = Experience gained in this place divided by the number of levels of this place that you have seen.
                   A       B       C       D       E      F
               +-------+-------+-------+-------+-------+----------------------
         Total | 100.0 | 100.0 |  -nan | 100.0 | 100.0 | 4020.7
       Dungeon |  50.1 |  49.9 |  -nan | 100.0 |  13.8 | 999.5
          Lair |  43.8 |  44.0 |  -nan |   0.0 |  79.9 | 9632.7
  Orcish Mines |   6.1 |   6.1 |  -nan |   0.0 |   6.3 | 2290.5
               +-------+-------+-------+-------+-------+----------------------
